 Dungeon Crawl Stone Soup version 0.21.1-1-g345015f (webtiles) character file.

70 spiff the Grasshopper (level 4, -1/40 HPs)
             Began as a Naga Warper on July 6, 2018.
             Killed from afar by a dart slug (2 damage)
             ... with a slug dart
             ... on level 2 of the Dungeon.
             The game lasted 00:03:46 (2047 turns).

spiff the Grasshopper (Naga Warper)                 Turns: 2047, Time: 00:03:47

Health: -1/40      AC:  3    Str: 14    XL:     4   Next: 21%
Magic:  7/7        EV:  9    Int: 14    God:
Gold:   23         SH:  0    Dex: 10    Spells: 5/7 levels left

rFire    . . .     SeeInvis +   a - +0 falchion
rCold    . . .     Gourm    .   (no shield)
rNeg     . . .     Faith    .   b - +0 leather armour
rPois    +         Spirit   .   (no helmet)
rElec    .         Reflect  .   (no cloak)
rCorr    .         Harm     .   (no gloves)
MR       .....                  (no barding)
Stlth    +.........             (no amulet)
HPRegen  0.13/turn              (no ring)
MPRegen  0.10/turn              (no ring)

@: very slow
A: large, see invisible, deformed body, poison resistance, slowness 2, slow
metabolism 1, spit poison 1, AC +1
a: Spit Poison


You were on level 2 of the Dungeon.
You were not hungry.

You visited 1 branch of the dungeon, and saw 2 of its levels.

You collected 23 gold pieces.

Inventory:

Hand Weapons
 a - a +0 falchion (weapon)
Missiles
 e - 5 tomahawks of dispersal (quivered)
Armour
 b - a +0 leather armour (worn)
Scrolls
 d - a scroll of blinking
 g - 2 scrolls of amnesia {unknown}
 i - a scroll of random uselessness {unknown}
 j - 2 scrolls of identify {unknown}
 m - 2 scrolls of remove curse {unknown}
Potions
 h - 2 potions of haste {unknown}
 k - 2 potions of degeneration {unknown}
Books
 c - a book of Spatial Translocations

   Spells                             Type                      Level
   a - Blink                          Translocation                2
   b - Shroud of Golubria             Charms/Translocation         2
   c - Lesser Beckoning               Translocation                3
   d - Gell's Gravitas                Translocation                3
   e - Teleport Other                 Translocation                3
   f - Passage of Golubria            Translocation                4
Comestibles
 f - 7 rations
 l - a chunk of flesh


   Skills:
 + Level 2.7 Fighting
 + Level 2.7 Long Blades
 - Level 0.8 Throwing
 + Level 1.7 Armour
 + Level 2.2 Dodging
 - Level 2.0 Spellcasting
 - Level 3.0 Translocations


You had 5 spell levels left.
You knew the following spells:

 Your Spells              Type           Power        Failure   Level  Hunger
a - Blink                 Tloc           N/A          13%         2    ###....


Dungeon Overview and Level Annotations

Branches:
Dungeon (2/15)

Altars:


Innate Abilities, Weirdness & Mutations

You cannot wear boots.
Your serpentine skin is tough. (AC +1)
You have supernaturally acute eyesight. (SInv)
Armour fits poorly on your strangely shaped body.
Your system is resistant to poisons. (rPois)
You cover ground very slowly.
You have a slow metabolism.
You can spit poison.


Message History

The jackal is almost dead.
The jackal closely misses you.
You riposte.
You barely miss the jackal.
The jackal is almost dead.
The dart slug launches a dart at you. The slug dart hits you!
* * * LOW HITPOINT WARNING * * *
You hit the jackal.
You kill the jackal!
The dart slug barely misses you.
You riposte.
You barely miss the dart slug. You hit the dart slug.
The dart slug is heavily wounded.
The dart slug bites you.
* * * LOW HITPOINT WARNING * * *
You hit the dart slug but do no damage.
The dart slug is moderately wounded.
You hit the dart slug but do no damage.
The dart slug is moderately wounded.
The dart slug launches a dart at you. The slug dart hits you!
You die...

...##.#...... ##...##..
...#.......#. .......
............. ......
...##>...##.. .....
....)........ #...#
...##........ #)..#
##.###.#.##.# #†..# #.#
#.#.##.######...## #..
..........@w....# ####
##........†#....#
########...####..##.#.#
..>.................#.#
.##.##..............# #
.##.##.......##..##.#
###.####..............
....# #........#######
##### ##.##.####


You could see a dart slug.

Vanquished Creatures
  An ooze (D:1)
  5 dart slugs
  A leopard gecko (D:1)
  4 bats
  A giant cockroach (D:2)
  4 goblins
  8 hobgoblins
  6 jackals
  4 frilled lizards
  10 kobolds
  7 rats
51 creatures vanquished.

Notes
Turn   | Place    | Note
-------+----------+-------------------------------------------
     0 | D:1      | spiff the Naga Warper began the quest for the Orb.
     0 | D:1      | Reached XP level 1. HP: 19/19 MP: 3/3
   143 | D:1      | Reached skill level 1 in Armour
   143 | D:1      | Reached XP level 2. HP: 17/26 MP: 5/5
   879 | D:1      | Reached XP level 3. HP: 33/33 MP: 6/6
  1746 | D:2      | Learned a level 2 spell: Blink
  1871 | D:2      | Reached XP level 4. HP: 32/40 MP: 7/7
  2045 | D:2      | HP: 1/40 [dart slug (3)]
  2047 | D:2      | Killed from afar by a dart slug

Skill      XL: |  1  2 |
---------------+-------+-----
Armour         | 1 |  1.7
Dodging        | 2 |  2.2
Fighting       | |  2.7
Long Blades    | |  2.7
Throwing       | |  0.8
Spellcasting   | |  2.0
Translocations | |  3.0

Action                   |  1- 3 |  4- 6 || total
-------------------------+-------+-------++-------
Melee: Falchion          |    97 |    34 ||   131
 Abil: Spit Poison       |    13 |     2 ||    15
  Eat: Chunk             |     2 |     1 ||     3
Armor: Leather armour    |    13 |    18 ||    31
Dodge: Dodged            |    54 |    41 ||    95
       Rpst.: Falchion   |    20 |    15 ||    35
